Map: Bel'Shir Vestige LE (Void)

Players

LiquidTLO (TLO) - Winner!

  • Race: Zerg Zerg
  • Spawn Location: 11:00

Dana

  • Race: Zerg Zerg
  • Spawn Location: 5:00

Event: IEM XI Katowice - World Championship 2017

VOD

Have the link to the VOD?

Description

Time

  • Played on: Feb. 27, 2017, 6:45 a.m.
  • Length: 5:51

All games in this series

Show
View Real Time Build Order
Export as new Build Order

LiquidTLO Zerg - Winner!

Build Orders: Pool First 

Get SALT Encoding   

  12  0:00  Drone  
  13  0:13  Overlord  
  13  0:17  Drone  
  14  0:32  Drone x2  
  16  0:37  Drone  
  16  0:40  Extractor  
  16  0:46  Spawning Pool  
  16  0:49  Drone  
  16  0:56  Drone  
  17  1:07  Drone  
  18  1:19  Hatchery  
  18  1:23  Drone  
  18  1:33  Queen  
  20  1:44  Metabolic Boost  
  20  1:46  Overlord  
  20  1:51  Zergling x2  
  21  1:55  Zergling x2  
  22  2:06  Zergling x2  
  23  2:14  Zergling x2  
  26  2:19  Hatchery  
  23  2:23  Zergling x2  
  24  2:31  Zergling x2  
  24  2:36  Queen  
  27  2:39  Zergling x2  
  28  2:46  Drone  
  28  2:47  Drone  
  28  2:48  Drone  
  31  2:52  Drone  
  32  2:59  Drone x2  
  34  3:06  Baneling Nest  
  34  3:10  Drone  
  34  3:17  Zergling x4  
  34  3:19  Overlord  
  36  3:34  Zergling x2, Drone  
  35  3:35  Zergling x2  
  35  3:36  Zergling x2  
  37  3:43  Drone  
  37  3:44  Zergling x2, Drone  
  37  3:45  Zergling x4  
  37  3:47  Zergling x2  
  37  3:48  Zergling x2  
  44  3:50  Zergling x2  
  44  3:53  Baneling  
  44  3:54  Baneling  
  45  3:56  Baneling x2  
  45  4:03  Zergling x2  
  45  4:04  Drone  
  45  4:09  Drone x2  
  49  4:11  Drone  
  49  4:14  Overlord  
  49  4:15  Zergling x2  
  47  4:18  Baneling  
  47  4:23  Zergling x6  
  47  4:26  Zergling x2  
  46  4:32  Zergling x4  
  46  4:35  Zergling x2  
  46  4:36  Drone  
  46  4:37  Drone x2  
  48  4:42  Drone  
  48  4:43  Baneling x2  
  48  4:44  Zergling x2  
  42  4:46  Drone  
  42  4:51  Queen  
  45  4:58  Zergling x2  
  47  5:00  Zergling x4  
  47  5:01  Baneling x2  
  47  5:03  Queen  
  47  5:04  Zergling x2  
  47  5:05  Baneling  
  51  5:08  Zergling x2  
  51  5:12  Zergling x2  
  51  5:14  Zergling x2  
  51  5:16  Drone  
  51  5:18  Zergling x2  
  51  5:19  Baneling  
  51  5:26  Drone  
  51  5:28  Roach Warren, Extractor  
  49  5:32  Baneling, Drone x2  
  50  5:36  Drone x2  
  50  5:38  Drone  
Show
View Real Time Build Order
Export as new Build Order

Dana Zerg 

Build Orders: Hatch First, Zergling Baneling 

Get SALT Encoding   

  12  0:00  Drone  
  13  0:12  Overlord  
  13  0:16  Drone  
  14  0:30  Drone x2  
  14  0:34  Drone  
  17  0:52  Hatchery  
  17  0:54  Drone  
  17  0:57  Drone  
  18  1:00  Extractor  
  17  1:12  Spawning Pool  
  17  1:14  Drone  
  17  1:18  Drone  
  18  1:27  Drone  
  19  1:38  Overlord  
  19  1:49  Drone  
  20  1:58  Queen  
  20  1:59  Drone  
  23  2:02  Metabolic Boost  
  23  2:03  Queen  
  23  2:05  Drone  
  26  2:11  Zergling x2  
  26  2:15  Drone  
  28  2:21  Drone  
  29  2:25  Drone  
  30  2:34  Overlord  
  30  2:36  Zergling x2  
  31  2:42  Overlord  
  31  2:49  Baneling Nest  
  30  2:51  Hatchery  
  30  2:52  Drone  
  30  2:55  Drone  
  30  2:57  Zergling x2  
  32  3:05  Drone  
  33  3:06  Drone  
  33  3:10  Zergling x6  
  37  3:13  Zergling x2  
  37  3:15  Zergling x2  
  37  3:16  Zergling x2  
  37  3:19  Zergling x2  
  41  3:23  Overlord  
  41  3:29  Zergling x2  
  41  3:32  Zergling x2  
  37  3:40  Zergling x2  
  37  3:43  Zergling x6  
  40  3:53  Baneling x2  
  40  3:54  Baneling x3  
  40  3:55  Queen  
  42  3:56  Zergling x8  
  42  3:59  Zergling x2  
  47  4:05  Baneling x3  
  47  4:06  Baneling x2  
  47  4:09  Zergling x2  
  48  4:10  Zergling x2  
  45  4:19  Zergling x6  
  45  4:22  Zergling x4  
  48  4:29  Baneling x2  
  48  4:30  Zergling x4  
  49  4:37  Zergling x2  
  44  4:40  Zergling x2  
  44  4:44  Queen  
  40  4:48  Zergling x4  
  40  5:00  Drone  
  40  5:01  Overlord, Drone  
  40  5:03  Drone  
  43  5:08  Overlord  
  43  5:12  Drone  
  43  5:14  Drone  
  43  5:15  Overlord  
  43  5:16  Drone  
  44  5:21  Overlord  
  37  5:30  Roach Warren  
  37  5:32  Extractor  
  37  5:33  Zergling x4  

Tags
 
Add a new tag
Caveats
  • Supply blocks, unpowered buildings, or Contaminate may cause inaccurate times.
  • Supply counts are checked every 10 seconds.